 Dungeon Crawl Stone Soup version 0.31-a0-369-g8eba5f6939 (webtiles) character file.

Game seed: 4406842151547721547

19571 floatRand the Brawler (level 12, 0/74 (83) HPs)
             Began as a White Draconian Shapeshifter on July 28, 2023.
             Was a High Priest of Wu Jian.
             Slain by an ice devil (8 damage)
             ... summoned by an orc sorcerer
             ... on level 2 of the Orcish Mines.
             The game lasted 00:17:10 (14761 turns).

floatRand the Brawler (DrSh)                       Turns: 14761, Time: 00:17:11

HP:   0/74 (83)     AC:  8    Str: 20    XL:     12   Next: 37%
MP:   21/21         EV: 14    Int:  9    God:    Wu Jian [*****.]
Gold: 932           SH:  0    Dex: 14    Spells: 11/11 levels left

rFire   . .          .
                       - Unarmed
rCold   + . .        (no shield)
rNeg    . . .        (body armour unavailable)
rPois   .            (helmet currently unavailable)
rElec   .            s - melded +2 cloak {Will+}
rCorr   .            (gloves currently unavailable)
SInv    .            (boots currently unavailable)
Will    .....        (no amulet)
Stlth   +++          q - ring of flight
HPRegen 0.32/turn    A - ring of magical power
MPRegen 0.17/turn

%: no passive effects
@: beast-form, flying, heavily drained
A: beast (slay +7), breathe frost, AC +8, unfitting armour, cold resistance 1,
cold-blooded
a: Breathe Frost, Begin Untransformation, Renounce Religion, Wall Jump,
Serpent's Lash, Heavenly Storm


You were on level 2 of the Orcish Mines.
You worshipped Wu Jian.
Wu Jian was extremely pleased with you.
You were a hulking beast.
You visited 3 branches of the dungeon, and saw 15 of its levels.

You collected 932 gold pieces.

Inventory:

Missiles
 g - 6 curare-tipped darts
 E - a throwing net
Armour
 s - a +2 cloak of willpower (melded)
 z - a +0 pair of boots
Jewellery
 q - a ring of flight (left hand)
 v - a ring of protection from fire
 x - a +6 ring of dexterity
 A - a ring of magical power (right hand)
 D - a ring of poison resistance
Talismans
 b - a beast talisman
Wands
 d - a wand of paralysis (17)
 r - a wand of flame (60)
 w - a wand of iceblast (31)
 y - a wand of digging (4)
Scrolls
 a - a scroll of immolation
 c - 3 scrolls of teleportation
 e - 2 scrolls of enchant armour
 f - a scroll of noise
 n - 2 scrolls of silence
 p - a scroll of blinking
 u - a scroll of amnesia
 B - a scroll of fear
Potions
 h - 2 potions of heal wounds
 i - 2 potions of attraction
 j - a potion of brilliance
 k - 8 potions of curing
 l - a potion of magic
 m - 2 potions of lignification
 o - a potion of haste {unknown}
 t - a potion of resistance {unknown}
 C - a potion of invisibility {unknown}


   Skills:
 - Level 1.1 Fighting
 + Level 4.7 Dodging
 + Level 4.6 Stealth
 * Level 15.5 Unarmed Combat
 * Level 10.7 Shapeshifting


You had 11 spell levels left.
You didn't know any spells.
Your spell library contained the following spells:

 Spells                   Type           Power      Damage    Failure   Level
 Sandblast                Erth           0%         2d4       38%         1
 Sting                    Tmut/Pois      0%         1d3       38%         1
 Passwall                 Tmut/Erth      0%         N/A       52%         2
 Poisonous Vapours        Pois/Air       0%         N/A       52%         2
 Portal Projectile        Hex/Tloc       0%         N/A       77%         3
 Stone Arrow              Conj/Erth      0%         3d7       77%         3
 Tukima's Dance           Hex            0%         N/A       77%         3
 Iskenderun's Mystic Bla  Conj/Tloc      0%         2d3       99%         4
 Olgreb's Toxic Radiance  Pois           0%         N/A       99%         4
 Summon Lightning Spire   Summ/Air       0%         N/A       99%         4
 Lee's Rapid Deconstruct  Erth           0%         3d4*      100%        5
 Malign Gateway           Summ/Tloc      0%         N/A       100%        7
 Summon Horrible Things   Summ           0%         N/A       100%        8
 Animate Armour           Summ/Erth      Unusable   N/A       N/A         4

Dungeon Overview and Level Annotations

Branches:
Dungeon (12/15)            Temple (1/1) D:5            Lair (0/5) D:8
    Orc (2/2) D:12
    Elf: Orc:2

Altars:
Ashenzari
Cheibriados
Dithmenos
Elyvilon
Fedhas
Gozag
Hepliaklqana
Kikubaaqudgha
Makhleb
Nemelex Xobeh
Okawaru
Qazlal
Ru
Sif Muna
Trog
Uskayaw
Vehumet
Wu Jian
Xom
Yredelemnul
Zin
The Shining One

Shops:
D:6 =   Orc:1 =

Annotations:
D:4 1 runed translucent door, floatRand's ghost, amateur OgWr


Innate Abilities, Weirdness & Mutations

You are a hulking beast.
Your limbs bulge with bestial killing power. (Slay +7)
You can breathe waves of freezing cold which knock back foes.
Your icy white scales are hard. (AC +8)
You cannot fit into any form of body armour.
Your flesh is cold resistant. (rC+)
You are cold-blooded and may be slowed by cold attacks.


Message History

There is a stone staircase leading up here.
Unknown command.
The helpless ogre fails to defend itself.
You pummel the ogre!!
The ogre is almost dead.
You pummel the ogre!!
You kill the ogre!
The Council accepts your kill.
Unknown command.
An orc sorcerer comes into view.
It is wielding a +0 dagger and wearing a +1 robe of positive energy.
Found an escape hatch in the ceiling.
You see here 32 gold pieces.
You now have 932 gold pieces (gained 32).
The orc sorcerer shouts!
You hear a shout!
The orc sorcerer mumbles some strange words.
The orc sorcerer gestures wildly while chanting.
There is a stone staircase leading up here.
The orc sorcerer gestures at you while chanting.
You suddenly lose the ability to move!
You stop ascending the stairs.
The orc sorcerer points at you and mumbles some strange words.
The bolt of negative energy hits the ice devil.
The ice devil completely resists.
The bolt of negative energy hits you!!
You feel drained. The orc sorcerer casts a spell at you.
The bolt of negative energy hits the ice devil.
The ice devil completely resists.
The bolt of negative energy hits you!!!
You feel drained.
Ouch! That really hurt!
* * * LOW HITPOINT WARNING * * *
The orc sorcerer becomes larger for a moment.
The ice devil hits you but does no damage.
You can move again.
Unknown command.
Unknown command.
Unknown command.
Unknown command.
The ice devil hits you!
* * * LOW HITPOINT WARNING * * *
The ice devil freezes you! You resist.
You die...

..............
..........#....
............#.# .
.............##.#
.....#......<....
..............#.
......#.......#...
........44h.......
........o.........
..................
..................
..................
......)...........
.......<..........
#.................
#................


You could see an ice devil (summoned), a chaos spawn (summoned) and an orc
sorcerer.

Vanquished Creatures
  2 ogre magi (Orc:1)
  3 two-headed ogres
  A boulder beetle (D:7)
  Erica (D:9)
  An orc sorcerer (Orc:1)
  A gargoyle (D:12)
  A komodo dragon (D:11)
  4 trolls
  5 hornets
  3 slime creatures (D:12)
  Sigmund (D:2)
  5 wyverns
  4 wraiths
  A vampire (D:9)
  A shadow (D:9)
  2 basilisks (D:8)
  23 yaks
  2 steam dragons
  2 wargs
  An acid dragon (D:11)
  6 water moccasins
  A floating eye (Orc:1)
  10 orc warriors
  A sky beast (D:8)
  Duvessa (D:7)
  2 black bears (D:8)
  6 ogres
  8 centaurs
  3 kobold brigands
  Blork the orc (D:6)
  A gnoll sergeant (D:5)
  A scorpion (D:4)
  3 bullfrogs
  11 wights
  Dowan (D:7)
  4 killer bees (D:10)
  2 electric eels (D:12)
  3 howler monkeys
  7 hounds
  2 jellies
  A gnoll bouda (D:7)
  13 orc priests
  Crazy Yiuf (D:5)
  2 iguanas
  13 orc wizards
  9 adders
  15 gnolls
  A shadow imp (D:8)
  2 white imps
  3 ufetubi
  3 worms
  2 dart slugs
  67 orcs
  8 ball pythons
  7 bats
  4 endoplasms
  3 giant cockroaches
  8 goblins
  6 hobgoblins
  2 jackals (D:1)
  20 kobolds
  5 quokkas
  4 frilled lizards
  4 rats
341 creatures vanquished.

Notes
Turn   | Place    | Note
-------+----------+-------------------------------------------
     0 | D:1      | floatRand the Draconian Shapeshifter began the quest for
                  | the Orb.
     0 | D:1      | Reached XP level 1. HP: 16/16 MP: 1/1
   103 | D:1      | Reached XP level 2. HP: 23/23 MP: 2/2
   392 | D:1      | Reached XP level 3. HP: 28/28 MP: 3/3
   614 | D:1      | Reached skill level 4 in Unarmed Combat
  1004 | D:2      | Noticed Sigmund
  1027 | D:2      | Killed Sigmund
  1028 | D:2      | Reached skill level 5 in Unarmed Combat
  1028 | D:2      | Reached XP level 4. HP: 35/35 MP: 4/4
  1028 | D:2      | Reached XP level 5. HP: 40/40 MP: 5/5
  2210 | D:4      | Reached XP level 6. HP: 47/47 MP: 6/6
  2265 | D:4      | Reached skill level 6 in Unarmed Combat
  2718 | D:4      | Your scales start taking on an icy white colour.
  2718 | D:4      | Reached XP level 7. HP: 47/52 MP: 7/7
  2718 | D:4      | Gained mutation: Your flesh is cold resistant. (rC+) [White
                  | Draconian growth]
  3010 | D:4      | Found a runed translucent door.
  3013 | D:4      | Noticed floatRand's ghost (amateur OgWr)
  3326 | D:5      | Entered Level 5 of the Dungeon
  3406 | D:5      | Reached skill level 7 in Unarmed Combat
  3548 | D:5      | Found a white marble altar of Elyvilon.
  3554 | D:5      | Reached skill level 5 in Shapeshifting
  3679 | D:5      | Found a glowing silver altar of Zin.
  3683 | D:5      | Found a shadowy altar of Dithmenos.
  3683 | D:5      | Found a shimmering altar of Xom.
  3688 | D:5      | Found a sparkling altar of Nemelex Xobeh.
  3688 | D:5      | Found a blossoming altar of Fedhas.
  3688 | D:5      | Found a stormy altar of Qazlal.
  3726 | D:5      | Found a staircase to the Ecumenical Temple.
  3734 | Temple   | Entered the Ecumenical Temple
  3772 | Temple   | Became a worshipper of the Wu Jian Council
  4145 | D:5      | Found a runed translucent door.
  4146 | D:5      | Noticed Crazy Yiuf
  4302 | D:5      | Reached skill level 8 in Unarmed Combat
  4481 | D:5      | Killed Crazy Yiuf
  4482 | D:5      | Reached XP level 8. HP: 42/59 MP: 8/8
  4623 | D:6      | Noticed Blork the orc
  4629 | D:6      | Killed Blork the orc
  4801 | D:6      | Noticed a hornet
  4815 | D:6      | Killed a hornet
  4816 | D:6      | Reached skill level 9 in Unarmed Combat
  4834 | D:6      | Reached * piety under Wu Jian
  5050 | D:6      | Found a broken altar of Ashenzari.
  5050 | D:6      | Found a sparkling altar of Nemelex Xobeh.
  5051 | D:6      | Found a bloodstained altar of Trog.
  5089 | D:6      | Found Zoblef's Jewellery Emporium.
  5125 | D:6      | Reached skill level 10 in Unarmed Combat
  5482 | D:7      | Reached XP level 9. HP: 64/64 MP: 9/9
  5712 | D:7      | Noticed a boulder beetle
  5767 | D:7      | Killed a boulder beetle
  5768 | D:7      | Reached skill level 11 in Unarmed Combat
  6326 | D:7      | Noticed Dowan
  6327 | D:7      | Noticed Duvessa
  6332 | D:7      | Killed Duvessa
  6333 | D:7      | Killed Dowan
  6558 | D:7      | Reached ** piety under Wu Jian
  7136 | D:8      | Reached skill level 12 in Unarmed Combat
  7156 | D:8      | Reached XP level 10. HP: 50/71 MP: 10/10
  7592 | D:8      | Found a staircase to the Lair.
  7627 | D:8      | Reached skill level 13 in Unarmed Combat
  8661 | D:9      | Reached skill level 14 in Unarmed Combat
  8683 | D:9      | Noticed Erica
  8688 | D:9      | Reached XP level 11. HP: 47/77 MP: 11/11
  8693 | D:9      | Killed Erica
  8891 | D:9      | Reached skill level 1 in Stealth
  8926 | D:9      | Found a radiant altar of Vehumet.
  9016 | D:9      | Reached *** piety under Wu Jian
  9285 | D:9      | Noticed a two-headed ogre
  9290 | D:9      | Killed a two-headed ogre
  9444 | D:9      | Found a hide-covered altar of Uskayaw.
  9636 | D:9      | Found an opulent altar of Gozag.
  9939 | D:10     | Entered Level 10 of the Dungeon
 10383 | D:10     | Noticed a two-headed ogre
 10391 | D:10     | Killed a two-headed ogre
 10420 | D:10     | Found a blossoming altar of Fedhas.
 10421 | D:10     | Noticed a two-headed ogre
 10429 | D:10     | Killed a two-headed ogre
 10665 | D:10     | Found a shadowy altar of Dithmenos.
 11833 | D:11     | Reached skill level 10 in Shapeshifting
 12289 | D:12     | Reached skill level 15 in Unarmed Combat
 12382 | D:12     | Found a burning altar of Makhleb.
 12382 | D:12     | Noticed a balrug
 12641 | D:12     | Reached **** piety under Wu Jian
 12693 | D:12     | Reached XP level 12. HP: 83/83 MP: 12/12
 12748 | D:12     | Found a staircase to the Orcish Mines.
 13457 | Orc:1    | Entered Level 1 of the Orcish Mines
 13874 | Orc:1    | Found Neadghy's Jewellery Shop.
 13964 | Orc:1    | Noticed an ogre mage
 13967 | Orc:1    | Noticed an ogre mage
 13978 | Orc:1    | Killed an ogre mage
 13978 | Orc:1    | Killed an ogre mage
 14340 | Orc:1    | Reached ***** piety under Wu Jian
 14745 | Orc:2    | Entered Level 2 of the Orcish Mines
 14756 | Orc:2    | Paralysed by an orc sorcerer for 5 turns
 14761 | Orc:2    | Slain by an ice devil

Illustrated notes

Levels and vault maps discovered:
D:1:      dpeg_arrival_round_b, layout_basic
D:2:      layout_basic, minmay_surrounded, uniq_sigmund
D:3:      layout_basic
D:4:      layout_gridville, ebering_ghost_reflecting_pool
D:5:      layout_basic, doesnt_xom_only_xom, mainiacjoe_overflow_tiny_flanked,
          minmay_temple_entry_hall, hex_large, cheibrodos_gnoll_hut,
          uniq_crazy_yiuf_cottage
D:6:      layout_rooms, chequers_temple_overflow_statue_of_worship,
          serial_shops, nicolae_shop_advertising_works
          [nicolae_subvault_shop_adworks], minivault_26, uniq_blork_the_orc
D:7:      nicolae_cairo_tiling_large, layout_basic, minmay_microvault,
          uniq_duvessa
D:8:      minmay_angry_zag, layout_rooms, minmay_lair_entry_grove,
          minmay_misc_feat_hallway
D:9:      layout_long_grid, mainiacjoe_overflow_alcove_2,
          nicolae_overflow_hidden_temple, mainiacjoe_overflow_alcove_1,
          hangedman_decor_diamond_cutter, kennysheep_generic_room_4, uniq_erica
D:10:     layout_rooms, fedhas_altar_fruit_tree, kennysheep_little_box
D:11:     layout_loops_corners
D:12:     layout_stronghold, erik_orc_2, serial_column_ruins, column_ruins_hut,
          column_ruins_hut_ruined, column_ruins_open_tiny,
          column_ruins_columns_T, column_ruins_open_medium,
          column_ruins_columns_dead_end, column_ruins_grid_2,
          makhleb_altar_promises_db
Temple:   nicolae_temple_godzebo
Orc:1:    hellmonk_paralyzer, layout_diamond_mine, serial_shops, shop_statue
Orc:2:    grunt_orc_community_town_hall, layout_caves,
          grunt_orc_community_big_house_2, grunt_orc_community_big_house_2,
          grunt_orc_community_house_2, grunt_orc_community_house_2,
          grunt_orc_community_house_2, grunt_orc_community_house_3,
          grunt_orc_community_house_3, serial_shops, shop

Skill      XL: |  1  2  3  4  5  6  7  8  9 10 11 12 |
---------------+-------------------------------------+-----
Unarmed Combat | 5 6 8 10 12 14 15 | 15.5
Shapeshifting  | 4 5 6 7 8 10 | 10.7
Dodging        | 4 |  4.7
Stealth        | 3 4 |  4.6
Fighting       | |  1.1

Action                     |  1- 3 |  4- 6 |  7- 9 | 10-12 || total
---------------------------+-------+-------+-------+-------++-------
  Melee: Unarmed           |    61 |   125 |   282 |   433 ||   901
         Tailslap          |     9 |    14 |    45 |    77 ||   145
         Punch             |     1 |     2 |    16 |    36 ||    55
Ability: Breathe Frost     |       |       |    12 |    11 ||    23
         Lunge             |       |       |    34 |    44 ||    78
         Whirlwind         |       |       |     3 |     9 ||    12
  Evoke: Wand              |       |       |       |     1 ||     1
    Use: Potion            |     1 |       |     1 |     2 ||     4
         Scroll            |       |     4 |    13 |     3 ||    20
   Stab: Sleeping          |     1 |       |     1 |     6 ||     8
         Distracted        |       |       |       |     2 ||     2
 Armour: Skin              |    23 |    30 |    67 |    71 ||   191
  Dodge: Dodged            |    47 |    67 |   142 |   161 ||   417
         Form:             |       |       |     1 |       ||     1
         Beast             |       |       |     1 |       ||     1

Table legend: (Time is in decaauts)
 A = Elapsed time spent in this place.
 B = Non-inter-level travel time spent in this place.
 C = Inter-level travel time spent in this place.
 D = Time resting spent in this place.
 E = Time spent auto-exploring this place.
 F = Levels seen in this place.
 G = Mean time per level.
                   A        B        C        D        E       F      G
               +--------+--------+--------+--------+--------+-----+--------+
         Total |  14641 |  14397 |    244 |   3521 |   7821 |  15 |  976.1 |
       Dungeon |  13553 |  13309 |    244 |   2975 |   7593 |  12 | 1129.4 |
        Temple |    118 |    118 |      0 |     55 |      0 |   1 |  118.0 |
  Orcish Mines |    969 |    969 |      0 |    491 |    228 |   2 |  484.5 |
               +--------+--------+--------+--------+--------+-----+--------+

Top non-repeatable levels by time:
     D:7: 1834 daAuts
    D:12: 1518 daAuts
    D:11: 1438 daAuts
     D:8: 1422 daAuts
     D:9: 1220 daAuts
     D:5: 1219 daAuts
     D:4: 1115 daAuts
   Orc:1: 954 daAuts
    D:10: 847 daAuts
     D:1: 829 daAuts
     D:3: 787 daAuts
     D:6: 746 daAuts
     D:2: 572 daAuts
  Temple: 118 daAuts
   Orc:2: 15 daAuts
